 Dungeon Crawl Stone Soup version 0.30-a0-739-gea05faddec (webtiles) character file.

Game seed: 2148954080481181547

9234 Iich the Cleaver (level 11, 0/104 HPs)
             Began as a Minotaur Fighter on Feb 4, 2023.
             Was an Initiate of Gozag.
             Slain by a tentacled starspawn (11 damage)
             ... on level 1 of the Abyss.
             The game lasted 00:22:18 (10655 turns).

Iich the Cleaver (Minotaur Fighter)                Turns: 10655, Time: 00:22:18

Health: 0/104      AC: 16    Str: 21    XL:     11   Next: 20%
Magic:  10/10      EV:  3    Int:  5    God:    Gozag
Gold:   258        SH: 10    Dex: 14    Spells: 10/10 levels left

rFire   + . .      SeeInvis .    E - +4 trident (distort)
rCold   + + +      Faith    .    F - +0 kite shield
rNeg    + . .      Spirit   .    h - +0 chain mail {rC+}
rPois   +          Reflect  .    (helmet restricted)
rElec   +          Harm     .    x - +0 cloak
rCorr   +          Rampage  .    j - +2 pair of gloves
Will    .....                    M - +2 pair of boots Stlth
                                 y - amulet of the acrobat
HPRegen 0.37/turn                b - ring of protection from cold
MPRegen 0.12/turn                J - ring of positive energy

@: mighty, resistant, constricted
A: horns 2, retaliatory headbutt
a: Renounce Religion, Potion Petition, Call Merchant, Bribe Branch


You were on level 1 of the Abyss.
You worshipped Gozag.
Gozag was aware of your devotion.
You visited 2 branches of the dungeon, and saw 11 of its levels.
You visited the Abyss 1 time.

You collected 1130 gold pieces.
You spent 161 gold pieces at shops.
You paid 711 gold pieces to Gozag.

Inventory:

Hand Weapons
 a - a +1 war axe
 i - the +8 spear of Cheese {heavy, Str+3}
   (You found it on level 2 of the Dungeon)

   Str:       It affects your strength (+3).
 E - a +4 trident of distortion (weapon)
Missiles
 I - 4 curare-tipped darts (quivered)
Armour
 c - a +0 buckler
 h - a +0 chain mail of cold resistance (worn)
 j - a +2 pair of gloves (worn)
 x - a +0 cloak (worn)
 F - a +0 kite shield (worn)
 M - a +2 pair of boots (worn)
Jewellery
 b - a ring of protection from cold (left hand)
 r - a ring of ice
 y - an amulet of the acrobat (around neck)
 C - the amulet of Elemental Vulnerability {rPois rF-- rC-- AC+8}
   (You found it on level 7 of the Dungeon)

   [amulet of nothing]

   AC:        It affects your AC (+8).
   rF:        It makes you very vulnerable to fire.
   rC:        It makes you very vulnerable to cold.
   rPois:     It protects you from poison.
 H - a +6 ring of intelligence
 J - a ring of positive energy (right hand)
Wands
 w - a wand of polymorph (3)
 K - a wand of flame (21)
Scrolls
 e - 2 scrolls of teleportation
 k - a scroll of amnesia
 n - a scroll of brand weapon
 p - 2 scrolls of poison
 t - 3 scrolls of enchant weapon
 u - a scroll of fear
 D - a scroll of noise
 N - a scroll of vulnerability {unknown}
 O - a scroll of fog
Potions
 d - 2 potions of might
 g - a potion of haste
 m - a potion of brilliance {unknown}
 o - a potion of mutation {unknown}
 q - a potion of flight {unknown}
 s - 3 potions of lignification
 v - a potion of heal wounds {unknown}
 z - a potion of degeneration {unknown}
 B - 2 potions of attraction
 G - a potion of ambrosia {unknown}
Miscellaneous
 P - a lightning rod (2/4)
 Q - a piece from Xom's chessboard (15/15)


   Skills:
 + Level 11.7 Fighting
 + Level 14.6(15.4) Axes
 * Level 8.2(12.4) Polearms
 - Level 3.6 Armour
 - Level 7.0 Shields


You had 10 spell levels left.
You didn't know any spells.
Your spell library contained the following spells:

 Spells                   Type           Power      Damage    Failure   Level
 Magic Dart               Conj           0%         1d3       100%        1
 Sandblast                Erth           0%         2d4       100%        1
 Lesser Beckoning         Tloc           0%         N/A       100%        2
 Passwall                 Tmut/Erth      0%         N/A       100%        2
 Searing Ray              Conj           0%         2d4       100%        2
 Frozen Ramparts          Ice            0%         1d1       100%        3
 Gell's Gravitas          Tloc           0%         N/A       100%        3
 Ignite Poison            Fire/Tmut/Pois 0%         N/A       100%        3
 Stone Arrow              Conj/Erth      0%         3d7       100%        3
 Teleport Other           Tloc           0%         N/A       100%        3
 Fulminant Prism          Conj/Hex       0%         3d5       100%        4
 Ice Form                 Ice/Tmut       0%         N/A       100%        4
 Sticky Flame             Conj/Fire      0%         2d3       100%        4
 Summon Ice Beast         Ice/Summ       0%         N/A       100%        4
 Ignition                 Fire           0%         3d3       100%        8


Dungeon Overview and Level Annotations

Branches:
Dungeon (10/15)            Temple (1/1) D:7            Lair (0/5) D:8
    Orc (0/2) D:9

Altars:
Ashenzari
Cheibriados
Dithmenos
Fedhas
Gozag
Hepliaklqana
Makhleb
Okawaru
Qazlal
Trog
Xom
Yredelemnul
Zin
The Shining One

Shops:
D:6 ?

Annotations:
D:10 Harold


Innate Abilities, Weirdness & Mutations

You have a pair of horns on your head.
You reflexively headbutt those who attack you in melee.


Message History

You furiously retaliate!
You headbutt the starspawn tentacle! The starspawn tentacle grabs you.
The starspawn tentacle constricts you.
You hit the tentacled starspawn.
Space warps horribly around the tentacled starspawn!
The starspawn tentacle loses its grip on you.
Your headbutt misses the tentacled starspawn.
The tentacled starspawn is heavily damaged.
You block the tentacled starspawn's attack. x2
The starspawn tentacle grabs you. The starspawn tentacle constricts you.
You puncture the tentacled starspawn!
The starspawn tentacle loses its grip on you.
You headbutt the tentacled starspawn!
The tentacled starspawn is severely damaged.
The tentacled starspawn blinks!
The tentacled starspawn bites you!!
* * * LOW HITPOINT WARNING * * *
The tentacled starspawn tentacle-slaps you!
* * * LOW HITPOINT WARNING * * *
[a] - 308 gold - resistance and might [b] - 320 gold - might, brilliance and magic [c] - 700 gold - haste, resistance, might and brilliance Purchase which effect?
You no longer have enough gold to petition Gozag for potion effects.
You feel protected.
You feel very mighty all of a sudden.
You block the starspawn tentacle's attack. x2
The tentacled starspawn bites you!
* * * LOW HITPOINT WARNING * * *
The tentacled starspawn barely misses you.
You feel better. The starspawn tentacle grabs you.
The starspawn tentacle constricts you.
The tentacled starspawn bites you but does no damage.
The tentacled starspawn tentacle-slaps you but does no damage.
You feel better. The starspawn tentacle constricts you.
* * * LOW HITPOINT WARNING * * *
You block the tentacled starspawn's attack.
The tentacled starspawn tentacle-slaps you!
* * * LOW HITPOINT WARNING * * *
You feel better. The starspawn tentacle constricts you.
The tentacled starspawn bites you!
You die...
Your body crumbles into a pile of gold.

#.#. . # # # #.##
.#.. #.#.#. ## . #
# #. . #.#.#.. #.#
### . .# ## ###.##
#......##
###─X.##.....w....
.# #.<#w@.###. ...
. # ###─w### #.##
# ## ### ## #'##
#....... #..X..#.
# ..... .. . ..#..
###.. . . #
#...... #


You could see a tentacled starspawn and 2 starspawn tentacles.

Vanquished Creatures
  An ugly thing (D:9)
  A large abomination (Abyss:1)
  A black mamba (D:9)
  An unseen horror (D:9)
  2 trolls
  Grinder (D:4)
  Sigmund (D:4)
  A spriggan (D:7)
  Eustachio (D:4)
  A wyvern (D:7)
  9 yaks
  A basilisk (D:8)
  2 steam dragons
  Edmund (D:5)
  Duvessa (D:7)
  A swamp drake (D:7)
  2 sky beasts
  A black bear (D:5)
  4 ice beasts
  2 ogres
  An orc warrior (D:7)
  3 centaurs
  A gnoll sergeant (D:7)
  2 bullfrogs (D:8)
  A necrophage (D:5)
  5 scorpions
  Dowan (D:7)
  8 wights
  9 killer bees
  A small abomination (Abyss:1)
  A howler monkey (D:9)
  2 hounds
  3 orc priests
  Crazy Yiuf (D:5)
  An iguana (D:5)
  9 orc wizards
  Natasha (twice) (D:4)
  8 adders
  7 gnolls
  A shadow imp (D:7)
  3 white imps (D:6)
  An ufetubus (D:7)
  2 worms
  5 dart slugs
  19 orcs
  4 ball pythons
  9 endoplasms
  4 giant cockroaches
  7 goblins
  6 hobgoblins
  3 jackals (D:3)
  5 quokkas
  2 bats
  6 frilled lizards
  4 kobolds
  A rat (D:1)
183 creatures vanquished.

Vanquished Creatures (others)
  2 gnolls (D:7)
  6 starspawn tentacles (Abyss:1)
8 creatures vanquished.

Grand Total: 191 creatures vanquished

Notes
Turn   | Place    | Note
-------+----------+-------------------------------------------
     0 | D:1      | Iich the Minotaur Fighter began the quest for the Orb.
     0 | D:1      | Reached XP level 1. HP: 19/19 MP: 0/0
    93 | D:1      | Reached skill level 3 in Axes
    96 | D:1      | Reached XP level 2. HP: 22/27 MP: 1/1
   337 | D:1      | Reached XP level 3. HP: 33/33 MP: 2/2
   553 | D:2      | Reached skill level 4 in Axes
   724 | D:2      | Identified the +8 spear of Cheese {heavy, Str+3}
   891 | D:2      | Reached XP level 4. HP: 41/41 MP: 3/3
  1509 | D:3      | Reached skill level 5 in Axes
  1986 | D:4      | Noticed an ogre
  2165 | D:4      | Noticed Sigmund
  2183 | D:4      | Killed Sigmund
  2184 | D:4      | Reached skill level 5 in Fighting
  2184 | D:4      | Reached skill level 6 in Axes
  2184 | D:4      | Reached XP level 5. HP: 48/48 MP: 4/4
  2184 | D:4      | Reached XP level 6. HP: 56/56 MP: 5/5
  2190 | D:4      | Noticed Grinder
  2194 | D:4      | Paralysed by Grinder for 5 turns
  2201 | D:4      | Paralysed by Grinder for 4 turns
  2206 | D:4      | Killed Grinder
  2207 | D:4      | Reached skill level 7 in Axes
  2308 | D:4      | Reached XP level 7. HP: 63/63 MP: 6/6
  2344 | D:4      | Found an iron altar of Okawaru.
  2345 | D:4      | Found a glowing golden altar of the Shining One.
  2346 | D:4      | Found a snail-covered altar of Cheibriados.
  2346 | D:4      | Found a burning altar of Makhleb.
  2477 | D:4      | Noticed Eustachio
  2488 | D:4      | Killed Eustachio
  2489 | D:4      | Reached skill level 8 in Axes
  2698 | D:4      | Noticed Natasha
  2702 | D:4      | Killed Natasha
  2834 | D:4      | Noticed Natasha
  2844 | D:4      | Killed Natasha
  2886 | D:4      | You fall into a shaft and drop 1 floor!
  2886 | D:5      | Entered Level 5 of the Dungeon
  3037 | D:5      | Reached skill level 9 in Axes
  3258 | D:5      | Found a runed translucent door.
  3259 | D:5      | Noticed Crazy Yiuf
  3339 | D:5      | Reached XP level 8. HP: 69/73 MP: 7/7
  3421 | D:5      | Noticed Edmund
  3431 | D:5      | Killed Edmund
  3591 | D:5      | Reached skill level 10 in Axes
  4118 | D:5      | Found a blossoming altar of Fedhas.
  4471 | D:5      | Killed Crazy Yiuf
  4582 | D:6      | Reached skill level 11 in Axes
  4705 | D:6      | Found a basalt altar of Yredelemnul.
  4974 | D:6      | Found a hazy altar of Hepliaklqana.
  5020 | D:6      | Reached XP level 9. HP: 79/82 MP: 8/8
  5079 | D:6      | Found Iwirutom's Magic Scroll Shop.
  5082 | D:6      | Bought a scroll of enchant armour for 105 gold pieces
  5082 | D:6      | Bought a scroll of identify for 28 gold pieces
  5082 | D:6      | Bought a scroll of identify for 28 gold pieces
  5203 | D:7      | Found a staircase to the Ecumenical Temple.
  5211 | Temple   | Entered the Ecumenical Temple
  5223 | Temple   | Became a worshipper of Gozag Ym Sagoz the Greedy
  5274 | D:7      | Reached skill level 12 in Axes
  5294 | D:7      | Noticed Dowan
  5295 | D:7      | Noticed Duvessa
  5301 | D:7      | Killed Dowan
  5306 | D:7      | Killed Duvessa
  5731 | D:7      | Noticed Pikel
  5736 | D:7      | Pikel changed into Pikel the spriggan
  5736 | D:7      | Noticed Pikel
  5749 | D:7      | Killed Pikel the spriggan
  5882 | D:7      | Found the amulet of Elemental Vulnerability {rPois rF--
                  | rC-- AC+8}
  5900 | D:7      | Reached skill level 13 in Axes
  6198 | D:7      | Reached skill level 10 in Fighting
  6842 | D:8      | Reached skill level 1 in Polearms
  7134 | D:8      | Found a stormy altar of Qazlal.
  7150 | D:8      | Noticed an elephant
  7153 | D:8      | Banished an elephant
  7154 | D:8      | Reached XP level 10. HP: 94/94 MP: 9/9
  7158 | D:8      | Found a staircase to the Lair.
  7498 | D:9      | Noticed a purple ugly thing
  7504 | D:9      | Killed a purple ugly thing
  7505 | D:9      | Reached skill level 5 in Shields
  8030 | D:8      | Found a broken altar of Ashenzari.
  8240 | D:8      | Reached skill level 14 in Axes
  8240 | D:8      | Reached skill level 5 in Polearms
  8752 | D:9      | Found a staircase to the Orcish Mines.
  8933 | D:9      | Noticed Amaemon
  8933 | D:9      | Noticed an orange demon
  8935 | D:9      | Amaemon changed into Amaemon the black mamba
  8935 | D:9      | Noticed Amaemon
  8949 | D:9      | Killed Amaemon the black mamba
  8951 | D:9      | Banished an orange demon
  9655 | D:9      | Reached XP level 11. HP: 86/102 MP: 10/10
 10050 | D:10     | Entered Level 10 of the Dungeon
 10082 | D:10     | Noticed Harold
 10382 | Abyss:1  | Cast into level 1 of the Abyss (Harold)
 10455 | Abyss:1  | Noticed a thrashing horror
 10608 | Abyss:1  | Noticed a tentacled starspawn
 10654 | Abyss:1  | HP: 5/104 [tentacled starspawn (16)]
 10655 | Abyss:1  | Slain by a tentacled starspawn

Illustrated notes

Levels and vault maps discovered:
D:1:      scummos_arrival_gate, layout_basic, st_stairs_5
D:2:      layout_basic
D:3:      layout_loops_corners
D:4:      layout_loops_ring, chequers_temple_overflow_statue_of_worship,
          serial_co_window_serial, co_window_paths_a, co_window_corner_a,
          co_window_paths_a, co_window_paths_b, co_window_cross_1,
          co_window_unsneaky_path_c, co_window_corner_b,
          co_window_of_opportunity_c, co_window_paths_e, co_window_4corner_a,
          glass_columns_a, glass_columns_c, glass_columns_a, glass_columns_b,
          uniq_sigmund, uniq_eustachio, uniq_grinder, uniq_natasha
D:5:      layout_basic, fedhas_altar_4, uniq_edmund, uniq_crazy_yiuf_cottage
D:6:      layout_basic, lemuel_crystal_altar, nicolae_hepliaklqana_hippocampus,
          serial_shops, kennysheep_mini, minmay_misc_feat_columns
D:7:      layout_basic, minmay_temple_entry_proselytizer, uniq_duvessa,
          uniq_pikel
D:8:      layout_basic, kennysheep_mini_moat, nicolae_ashenzari_skybound,
          david_lair_generic
D:9:      layout_layer_cave, orc_0_dummy, uniq_amaemon
D:10:     layout_loops_ring, serial_co_window_serial, co_window_corner_a,
          co_window_corner_a, co_window_paths_b, co_window_paths_a,
          co_window_paths_b, co_window_paths_b, co_window_paths_a,
          co_window_cross_3, co_window_corner_cb, co_window_corner_cb,
          co_window_broadway_c, co_window_unsneaky_path_a, co_window_corner_ca,
          serial_park_tiny_2, uniq_maggie, uniq_harold
Temple:   compressed_dpeg_triangle_lava_temple
Abyss:1:  base:
D:2

Skill      XL: |  1  2  3  4  5  6  7  8  9 10 11 |
---------------+----------------------------------+-----
Axes           | 3 4 6 7 9 11 13 14 | 14.6
Fighting       | 4 5 6 7 8 10 11 | 11.7
Polearms       | 3 7 8 |  8.2
Shields        | 4 6 7 |  7.0
Armour         | |  3.6

Action                     |  1- 3 |  4- 6 |  7- 9 | 10-12 || total
---------------------------+-------+-------+-------+-------++-------
  Melee: War axe           |    57 |    62 |   215 |       ||   334
         Headbutt          |     7 |     6 |    35 |    31 ||    79
         Trident           |       |       |    40 |   174 ||   214
 Invoke: Potion Petition   |       |       |       |     2 ||     2
  Evoke: Wand              |       |     2 |     5 |     3 ||    10
         Lightning rod     |       |       |       |     2 ||     2
    Use: Scroll            |       |     3 |    12 |     6 ||    21
         Potion            |       |     1 |     2 |     7 ||    10
   Stab: Confused          |       |       |     1 |       ||     1
 Armour: Scale mail        |    15 |    28 |    26 |       ||    69
         Skin              |       |    11 |       |       ||    11
         Chain mail        |       |       |    73 |    82 ||   155
  Dodge: Dodged            |    31 |    24 |    98 |    42 ||   195
  Block: Buckler           |    12 |     9 |    37 |       ||    58
         Kite shield       |       |       |    15 |    70 ||    85

Table legend: (Time is in decaauts)
 A = Elapsed time spent in this place.
 B = Non-inter-level travel time spent in this place.
 C = Inter-level travel time spent in this place.
 D = Time resting spent in this place.
 E = Time spent auto-exploring this place.
 F = Levels seen in this place.
 G = Mean time per level.
                   A        B        C        D        E       F      G
               +--------+--------+--------+--------+--------+-----+--------+
         Total |  10673 |  10214 |    459 |   1013 |   7832 |  12 |  889.4 |
       Dungeon |  10391 |   9932 |    459 |    878 |   7789 |  10 | 1039.1 |
        Temple |     22 |     22 |      0 |      0 |      0 |   1 |   22.0 |
         Abyss |    258 |    258 |      0 |    135 |     43 |   1 |  258.0 |
               +--------+--------+--------+--------+--------+-----+--------+

Top non-repeatable levels by time:
     D:9: 2051 daAuts
     D:7: 1574 daAuts
     D:8: 1452 daAuts
     D:5: 1363 daAuts
     D:4: 1191 daAuts
     D:3: 947 daAuts
     D:2: 687 daAuts
     D:6: 675 daAuts
     D:1: 394 daAuts
 Abyss:1: 258 daAuts
    D:10: 51 daAuts
  Temple: 22 daAuts
